 Dungeon Crawl Stone Soup version 0.28-a0-872-g80cf8599ee (webtiles) character file.

Game seed: 16847040936452589673

68 croobank the Sneak (level 3, -4/31 HPs)
             Began as a Demigod Delver on Nov 20, 2021.
             Slain by a gnoll (15 damage)
             ... on level 2 of the Dungeon.
             The game lasted 00:10:36 (2139 turns).

croobank the Sneak (Demigod Delver)                 Turns: 2139, Time: 00:10:36

Health: -4/31      AC:  4    Str: 17    XL:     3   Next: 73%
Magic:  6/6        EV: 12    Int: 12    God:
Gold:   63         SH:  0    Dex: 15    Spells: 2/3 levels left

rFire   . . .      SeeInvis .   a - +0 hand axe
rCold   . . .      Faith    .   (no shield)
rNeg    . . .      Spirit   .   b - +1 leather armour
rPois   .          Reflect  .   (no helmet)
rElec   .          Harm     .   (no cloak)
rCorr   .          Rampage  .   (no gloves)
Will    .....                   (no boots)
Stlth   +++.......              j - amulet of magic regeneration
HPRegen 0.10/turn               (no ring)
MPRegen 0.35/turn               (no ring)

@: no status effects
A: high mp 1, forlorn
a: no special abilities


You were on level 2 of the Dungeon.
You visited 1 branch of the dungeon, and saw 6 of its levels.

You collected 141 gold pieces.
You spent 78 gold pieces at shops.

Inventory:

Hand Weapons
 a - a +0 hand axe (weapon)
 h - a +0 short sword
Missiles
 d - 66 stones (quivered)
 o - 3 atropa-tipped darts
Armour
 b - a +1 leather armour (worn)
 l - a +0 ring mail
Jewellery
 j - an amulet of magic regeneration (around neck)
Wands
 g - a wand of digging (3)
Scrolls
 c - 2 scrolls of fog
 e - a scroll of fear
 i - a scroll of teleportation
Potions
 f - 3 potions of haste
 k - a potion of resistance {unknown}
 m - 2 potions of curing
 n - a potion of degeneration {unknown}


   Skills:
 + Level 3.0 Fighting
 + Level 2.1 Axes
 + Level 1.1 Armour
 * Level 2.0 Dodging
 + Level 5.0 Stealth
 * Level 0.5 Spellcasting
 * Level 0.5 Poison Magic


You had 2 spell levels left.
You knew the following spells:

 Your Spells              Type           Power      Damage    Failure   Level
a - Sting                 Tmut/Pois      0%         1d3       34%         1

Your spell library contained the following spells:

 Spells                   Type           Power      Damage    Failure   Level
 Poisonous Vapours        Pois/Air       0%         N/A       45%         2
 Olgreb's Toxic Radiance  Pois           1%         N/A       97%         4


Dungeon Overview and Level Annotations

Branches:
Dungeon (6/15)
 Temple: D:4-7

Shops:
D:2 =:!


Innate Abilities, Weirdness & Mutations

Your attributes grow dramatically as you level up.
You have an increased reservoir of magic. (+10% MP)
You shall have no god before yourself.


Message History

The bat hits you but does no damage.
Items here: $ ( ) †.
d - 66 stones (gained 13)
You now have 63 gold pieces (gained 13).
The bat hits you but does no damage.
You closely miss the bat.
The bat is heavily wounded.
The bat hits you but does no damage. The bat hits you.
You barely miss the bat.
The bat is moderately wounded.
The bat hits you.
You hit the bat.
You kill the bat!
You start resting.
A frilled lizard is nearby!
The frilled lizard hisses angrily.
Things that are here:
a +0 spear; a hobgoblin corpse The frilled lizard closely misses you.
You closely miss the frilled lizard. The frilled lizard bites you.
The frilled lizard misses you.
You hit the frilled lizard.
You kill the frilled lizard!
You see here a frilled lizard corpse.
A gnoll comes into view. It is wielding a +0 halberd.
A gnoll comes into view. It is wielding a +0 flail. x2
You close the door.
A gnoll breaks down the door.
The gnoll closely misses you.
There is a broken door here.
The gnoll shouts! x2
You hit the gnoll.
The gnoll is moderately wounded.
The gnoll hits you with a +0 flail.
You hit the gnoll.
The gnoll is moderately wounded.
The gnoll hits you with a +0 flail!
The gnoll hits you from afar with a +0 halberd!
You die...

.. #######'## #.........
#........ #......#
#...... #...#
...#####@.†#
....g.gg...####### ..'
.......#...#..#..#...#
##########...#..#..#...#
#........#..)...#......#
#........#...†..#......#
#........#.............#
#........#.)...........#
#........#######'######


You could see 3 gnolls.

Vanquished Creatures
  3 adders (D:2)
  2 dart slugs (D:1)
  3 bats
  An endoplasm (D:1)
  A goblin (D:1)
  4 hobgoblins
  4 jackals (D:2)
  4 quokkas
  3 ball pythons (D:1)
  4 frilled lizards
  4 kobolds
  2 rats
35 creatures vanquished.

Notes
Turn   | Place    | Note
-------+----------+-------------------------------------------
     0 | D:5      | croobank the Demigod Delver began the quest for the Orb.
     0 | D:5      | Reached XP level 1. HP: 18/18 MP: 3/3
     3 | D:5      | Noticed a jelly
   234 | D:6      | Noticed an iguana
   356 | D:5      | Noticed a sky beast
   684 | D:1      | Reached XP level 2. HP: 25/25 MP: 4/4
  1507 | D:1      | Learned a level 1 spell: Sting
  1589 | D:2      | Found Esha's Distillery.
  1597 | D:2      | Bought a potion of curing for 39 gold pieces
  1597 | D:2      | Bought a potion of curing for 39 gold pieces
  1668 | D:2      | Reached skill level 5 in Stealth
  1736 | D:2      | Found Locall's Book Emporium.
  1796 | D:2      | Reached XP level 3. HP: 29/30 MP: 5/5
  1806 | D:2      | Reached skill level 1 in Armour
  1858 | D:2      | Found Otweum's Jewellery Shoppe.
  2139 | D:2      | Slain by a gnoll

Illustrated notes

Levels and vault maps discovered:
D:1:      minmay_arrival_stone_box, layout_basic, basic_ecumenical_altar,
          minmay_pentomino_v2
D:2:      layout_basic, serial_shops, nicolae_shop_window_shopping, shop,
          nicolae_square_shop, nicolae_lakefront_shop, shop_fountains,
          basic_altar, kennysheep_generic_room_16
D:3:      layout_rooms, minivault_23, nrook_campfire, uniq_natasha,
          uniq_crazy_yiuf_cottage
D:4:      layout_rooms, uniq_edmund, uniq_menkaure
D:5:      cheibrodos_barr_body, layout_basic, minmay_temple_entry_tees,
          serial_shops, shop
D:6:      layout_basic

Skill      XL: |  1  2  3 |
---------------+----------+-----
Axes           | 2 |  2.1
Stealth        | 5 |  5.0
Armour         | 1 |  1.1
Dodging        | 2 |  2.0
Fighting       | 3 |  3.0
Spellcasting   | |  0.5
Poison Magic   | |  0.5

Action                   || total
-------------------------++-------
Melee: Hand axe          ||   118
  Use: Scroll            ||     4
       Potion            ||     2
 Stab: Sleeping          ||     7
Armor: Leather armour    ||    33
Dodge: Dodged            ||    81

Table legend: (Time is in decaauts)
 A = Elapsed time spent in this place.
 B = Non-inter-level travel time spent in this place.
 C = Inter-level travel time spent in this place.
 D = Time resting spent in this place.
 E = Time spent auto-exploring this place.
 F = Levels seen in this place.
 G = Mean time per level.
                   A        B        C        D        E       F      G
               +--------+--------+--------+--------+--------+-----+--------+
         Total |   2163 |   2153 |     10 |    450 |   1100 |   6 |  360.5 |
       Dungeon |   2163 |   2153 |     10 |    450 |   1100 |   6 |  360.5 |
               +--------+--------+--------+--------+--------+-----+--------+

Top non-repeatable levels by time:
     D:1: 1081 daAuts
     D:2: 640 daAuts
     D:6: 289 daAuts
     D:5: 132 daAuts
     D:4: 10 daAuts
     D:3: 9 daAuts
